 Dungeon Crawl Stone Soup version 0.30-a0-946-gec5dcfc036 (webtiles) character file.

Game seed: 16872836270108390137

155 2tousent the Chiller (level 5, -1/38 HPs)
             Began as a Demonspawn Ice Elementalist on Mar 26, 2023.
             Slain by an ogre
             ... wielding a +0 giant club
              (15 damage)
             ... on level 4 of the Dungeon.
             The game lasted 00:05:16 (2300 turns).

2tousent the Chiller (Demonspawn Ice Elementalist)  Turns: 2300, Time: 00:05:17

Health: -1/38      AC:  4    Str:  8    XL:     5   Next: 14%
Magic:  1/9        EV: 12    Int: 19    God:
Gold:   114        SH:  0    Dex: 13    Spells: 2/9 levels left

rFire   . . .      SeeInvis .    f - +0 dagger
rCold   . . .      Faith    .    (no shield)
rNeg    . . .      Spirit   .    a - +0 robe
rPois   .          Reflect  .    (helmet restricted)
rElec   .          Rampage  .    (no cloak)
rCorr   .                        k - +0 pair of gloves
Will    .....                    h - +0 pair of boots
Stlth   ++                       (no amulet)
HPRegen 0.26/turn                (no ring)
MPRegen 0.11/turn                (no ring)

@: freezing walls, very slightly contaminated
A: horns 1, foul stench 2
a: no special abilities


You were on level 4 of the Dungeon.
You visited 2 branches of the dungeon, and saw 5 of its levels.

You collected 114 gold pieces.

Inventory:

Hand Weapons
 f - a +0 dagger (weapon)
Armour
 a - a +0 robe (worn)
 h - a +0 pair of boots (worn)
 k - a +0 pair of gloves (worn)
Jewellery
 m - a ring of ice
Scrolls
 l - a scroll of amnesia {unknown}
 n - a scroll of teleportation {unknown}
Potions
 b - a potion of magic
 c - 2 potions of curing
 d - a potion of attraction
 e - a potion of mutation {unknown}
 g - a potion of flight {unknown}
 i - 2 potions of haste {unknown}
 j - a potion of degeneration {unknown}


   Skills:
 + Level 2.2 Fighting
 - Level 1.7 Dodging
 - Level 1.7 Stealth
 + Level 2.9 Spellcasting
 * Level 4.9 Ice Magic


You had 2 spell levels left.
You knew the following spells:

 Your Spells              Type           Power      Damage    Failure   Level
a - Freeze                Ice            84%        1d9       1%          1
b - Frozen Ramparts       Ice            42%        1d7       6%          3
c - Ozocubu's Armour      Ice            21%        N/A       6%          3

Your spell library contained the following spells:

 Spells                   Type           Power      Damage    Failure   Level
 Ensorcelled Hibernation  Hex/Ice        24%        N/A       9%          2
 Passwall                 Tmut/Erth      1%         N/A       24%         2
 Swiftness                Air            2%         N/A       43%         3
 Summon Ice Beast         Ice/Summ       12%        N/A       50%         4


Dungeon Overview and Level Annotations

Branches:
Dungeon (4/15)             Temple (1/1) D:4

Altars:
Gozag
Hepliaklqana
Makhleb
Uskayaw
Vehumet

Shops:
D:3 ?


Innate Abilities, Weirdness & Mutations

You have a pair of small horns on your head.
You sometimes emit foul miasma when damaged in melee.


Message History

Casting: Frozen Ramparts (dangerous; 6% risk of failure)
Confirm with . or Enter, or press ? or * to list all spells.
You miscast Ozocubu's Armour.
You are very lightly contaminated with residual magic.
Nothing appears to happen.
You hit the gnoll but do no damage. Your headbutt misses the gnoll.
The wall freezes the gnoll but does no damage.
The gnoll closely misses you.
You closely miss the gnoll. Your headbutt misses the gnoll.
The wall freezes the gnoll.
The gnoll closely misses you.
Unknown command.
You hit the gnoll.
The gnoll is severely wounded.
The wall freezes the ogre.
The wall freezes the gnoll but does no damage.
The gnoll closely misses you.
You hit the gnoll but do no damage.
The gnoll is severely wounded.
The wall freezes the gnoll.
The gnoll hits you with a +0 whip.
The wall freezes the ogre.
You hit the gnoll but do no damage. You headbutt the gnoll.
You kill the gnoll!
The frozen ramparts melt away.
Unknown command.
Casting: Ozocubu's Armour (dangerous; 6% risk of failure)
Confirm with . or Enter, or press ? or * to list all spells.
Casting: Frozen Ramparts (dangerous; 6% risk of failure)
Press: ? - help, Dir - look around, f - activate The walls around you are covered in ice.
The wall freezes the ogre.
The ogre hits you with a +0 giant club!!
Ouch! That really hurt!
Unknown command.
You are too injured to fight recklessly!
You hit the ogre.
You headbutt the ogre, but do no damage.
The ogre is moderately wounded.
The wall freezes the orc priest.
The wall freezes the ogre.
The ogre hits you with a +0 giant club!
You die...

...#....#.........# ..
...##'####....[...# ...
...##...##........# ....
..................# .o.#
.......#...#......#...>##
...#..##.⌠.##.....g.Og...
##...##.....##.o.###>..##
....##..#.#..##O## .#
.......##.##....@#
......##...##....#
....⌠....>....⌠..#
.....##...##....# ....
##.##.....# ...
#.#..##..# . ....##...#
#.⌠.##†...+ #...#.....#


You could see an ogre and an orc priest.

Vanquished Creatures
  An iguana (D:4)
  Natasha (twice) (D:2)
  A gnoll (D:4)
  2 adders (D:2)
  2 worms
  3 dart slugs (D:1)
  2 giant cockroaches
  3 goblins
  7 hobgoblins
  A quokka (D:1)
  6 ball pythons
  3 bats
  4 frilled lizards (D:1)
  3 kobolds
  7 rats
47 creatures vanquished.

Notes
Turn   | Place    | Note
-------+----------+-------------------------------------------
     0 | D:1      | 2tousent the Demonspawn Ice Elementalist began the quest
                  | for the Orb.
     0 | D:1      | Reached XP level 1. HP: 13/13 MP: 3/3
   276 | D:1      | Gained mutation: You may rarely emit foul miasma when
                  | damaged in melee. [demonic ancestry]
   276 | D:1      | Reached XP level 2. HP: 14/20 MP: 0/5
   457 | D:1      | Reached skill level 4 in Ice Magic
   631 | D:1      | Reached skill level 1 in Fighting
  1037 | D:2      | Noticed Natasha
  1125 | D:2      | Noticed a crimson imp
  1130 | D:2      | Killed Natasha
  1131 | D:2      | Discovered your monstrous ancestry.
  1131 | D:2      | Gained mutation: You have a pair of small horns on your
                  | head. [demonic ancestry]
  1131 | D:2      | Reached XP level 3. HP: 15/26 MP: 0/6
  1307 | D:2      | Gained mutation: You sometimes emit foul miasma when
                  | damaged in melee. [demonic ancestry]
  1307 | D:2      | Reached XP level 4. HP: 25/32 MP: 0/7
  1499 | D:2      | Noticed Natasha
  1505 | D:2      | Killed Natasha
  1609 | D:2      | Learned a level 3 spell: Frozen Ramparts
  1613 | D:2      | Learned a level 3 spell: Ozocubu's Armour
  1837 | D:3      | Found Faaffaoh's Magic Scroll Shop.
  2147 | D:4      | Found a staircase to the Ecumenical Temple.
  2158 | Temple   | Entered the Ecumenical Temple
  2190 | D:4      | Reached XP level 5. HP: 21/38 MP: 6/9
  2286 | D:4      | Noticed an ogre
  2300 | D:4      | Slain by an ogre

Illustrated notes

Levels and vault maps discovered:
D:1:      sevenhm_arrival_forest_fort_small_3, layout_loops_ring,
          serial_park_tiny_pond
D:2:      layout_rooms, uniq_natasha
D:3:      layout_basic, brannock_xom_greatest_gift, serial_shops, shop
D:4:      layout_gridville, minmay_temple_entry_waves
Temple:   nicolae_temple_stand_before_the_council

Skill      XL: |  1  2  3  4 |
---------------+-------------+-----
Ice Magic      | 4 |  4.9
Fighting       | 1 2 |  2.2
Dodging        | |  1.7
Stealth        | |  1.7
Spellcasting   | |  2.9

Action                     |  1- 3 |  4- 6 || total
---------------------------+-------+-------++-------
  Melee: Unarmed           |    37 |       ||    37
         Dagger            |    13 |    14 ||    27
         Headbutt          |     1 |     4 ||     5
   Cast: Freeze            |    48 |    23 ||    71
         Frozen Ramparts   |       |     2 ||     2
    Use: Scroll            |       |     3 ||     3
 Armour: Robe              |    14 |     4 ||    18
  Dodge: Dodged            |    57 |    18 ||    75

Table legend: (Time is in decaauts)
 A = Elapsed time spent in this place.
 B = Non-inter-level travel time spent in this place.
 C = Inter-level travel time spent in this place.
 D = Time resting spent in this place.
 E = Time spent auto-exploring this place.
 F = Levels seen in this place.
 G = Mean time per level.
                   A        B        C        D        E       F      G
               +--------+--------+--------+--------+--------+-----+--------+
         Total |   2307 |   2186 |    121 |     61 |   1706 |   5 |  461.4 |
       Dungeon |   2278 |   2167 |    111 |     61 |   1706 |   4 |  569.5 |
        Temple |     28 |     18 |     10 |      0 |      0 |   1 |   28.0 |
               +--------+--------+--------+--------+--------+-----+--------+

Top non-repeatable levels by time:
     D:1: 1103 daAuts
     D:2: 584 daAuts
     D:3: 409 daAuts
     D:4: 181 daAuts
  Temple: 28 daAuts
